 Dungeon Crawl Stone Soup version 0.20.1-1-g8b1a95d (webtiles) character file.

189 Gargoyl the Skirmisher (level 5, -14/47 HPs)
             Began as a Minotaur Abyssal Knight on Aug 21, 2017.
             Was a Believer of Lugonu.
             Demolished by an ogre
             ... wielding a +0 giant spiked club
              (26 damage)
             ... on level 4 of the Dungeon.
             The game lasted 00:06:36 (2859 turns).

Gargoyl the Skirmisher (Minotaur Abyssal Knight)    Turns: 2859, Time: 00:06:37

Health: -14/47     AC:  8    Str: 17    XL:     5   Next: 40%
Magic:  6/6        EV: 10    Int:  9    God:    Lugonu [**....]
Gold:   201        SH:  0    Dex: 15    Spells: 4/4 levels left

rFire    . . .     SeeInvis .   a - +1 hand axe
rCold    . . .     Gourm    .   (no shield)
rNeg     + . .     Faith    .   r - +0 scale mail
rPois    .         Spirit   .   (helmet restricted)
rElec    .         Reflect  .   (no cloak)
rCorr    .         Harm     .   (no gloves)
MR       +....                  d - +0 pair of boots of Day {+Blink rN+ Dex+5}
Stlth    ..........             (no amulet)
Regen    0.2/turn               p - ring of protection from magic (curse)
MPRegen  0.1/turn               q - ring of stealth

@: confused
A: retaliatory headbutt, horns 2
a: Depart the Abyss, Bend Space, Renounce Religion, Evoke Blink


You were on level 4 of the Dungeon.
You worshipped Lugonu.
Lugonu was pleased with you.
You were not hungry.

You visited 1 branch of the dungeon, and saw 4 of its levels.
You visited the Abyss 1 time.

You collected 201 gold pieces.

Inventory:

Hand Weapons
 a - a +1 hand axe (weapon)
Missiles
 b - 3 javelins of penetration (quivered)
Armour
 d - the +0 pair of boots of Day (worn) {+Blink rN+ Dex+5}
   (You acquired it on level 2 of the Abyss)

   It affects your dexterity (+5).
   It protects you from negative energy.
   It lets you blink.
 r - a +0 scale mail (worn)
Jewellery
 p - a cursed ring of protection from magic (left hand)
 q - a ring of stealth (right hand)
Scrolls
 e - a scroll of teleportation
 h - 2 scrolls of identify
 i - a scroll of fear {unknown}
 u - a scroll of remove curse
 v - a scroll of magic mapping {unknown}
Potions
 f - 2 potions of heal wounds {unknown}
 j - a potion of ambrosia
 k - a potion of cancellation {unknown}
 l - a potion of brilliance {unknown}
 m - a potion of lignification {unknown}
 s - a potion of agility {unknown}
Comestibles
 c - 7 bread rations
 g - 2 meat rations
 n - a royal jelly
 o - 5 fruits


   Skills:
 + Level 4.7 Fighting
 + Level 4.4 Axes
 * Level 3.7 Armour
 + Level 1.8 Dodging
 * Level 2.7 Invocations


You had 4 spell levels left.
You didn't know any spells.

Dungeon Overview and Level Annotations

Branches:
Dungeon (4/15)
 Temple: D:4-7

Altars:


Innate Abilities, Weirdness & Mutations

You reflexively headbutt those who attack you in melee.
You have a pair of horns on your head.


Message History

You barely miss the ogre. You headbutt the ogre!
The ogre is severely wounded.
The ogre barely misses you.
You hit the ogre.
The ogre is severely wounded.
You hit the ogre.
The ogre is almost dead.
The ogre misses you.
You barely miss the ogre.
The ogre is almost dead.
The ogre closely misses you.
You barely miss the ogre. You headbutt the ogre.
The ogre is almost dead.
The ogre hits you with a giant spiked club!
* * * LOW HITPOINT WARNING * * *
You are confused.
You feel invigorated.
The ogre hits you with a giant spiked club!!
Ouch! That really hurt!
You die...

########### #.........#
#.........# #.........#
## #.........#### #.
#.............
####.##########.#######
#......................
.........#####@#######
##.......## #O#
#.........# #.#
###.......###.#
##.............
+..............
+...<.....###..
##...........(([
.#####...........


You could see an ogre.

Vanquished Creatures
  An ice beast (D:3)
  Robin (D:2)
  2 adders (D:3)
  2 worms (D:2)
  A dart slug (D:3)
  5 bats
  A giant cockroach (D:2)
  14 goblins
  11 hobgoblins
  2 jackals (D:1)
  A ball python (D:1)
  A frilled lizard (D:2)
  8 kobolds
  15 rats
65 creatures vanquished.

Notes
Turn   | Place    | Note
-------+----------+-------------------------------------------
     0 | Abyss:1  | Gargoyl the Minotaur Abyssal Knight began the quest for the Orb.
     0 | Abyss:1  | Reached XP level 1. HP: 19/19 MP: 1/1
    57 | Abyss:2  | Identified a scroll of acquirement
    58 | Abyss:2  | Got a pair of slimy boots
    60 | Abyss:2  | Noticed a spatial maelstrom
    60 | D:1      | Escaped the Abyss
    66 | D:1      | Identified the +0 pair of boots of Day {+Blink rN+ Dex+5} (You acquired it on level 2 of the Abyss)
   326 | D:1      | Reached XP level 2. HP: 25/27 MP: 2/2
   394 | D:1      | Reached * piety under Lugonu
  1269 | D:2      | Reached XP level 3. HP: 34/34 MP: 3/3
  1350 | D:2      | Noticed Robin
  1490 | D:2      | Reached ** piety under Lugonu
  1631 | D:2      | Killed Robin
  1765 | D:2      | Reached XP level 4. HP: 38/41 MP: 4/4
  2610 | D:3      | Noticed an ice beast
  2619 | D:3      | Killed an ice beast
  2619 | D:3      | Reached XP level 5. HP: 40/47 MP: 5/5
  2827 | D:4      | Noticed an ogre
  2859 | D:4      | Demolished by an ogre

Skill      XL: |  1  2  3  4 |
---------------+-------------+-----
Fighting       | 4 |  4.7
Axes           | 3 4 |  4.4
Armour         | 3 |  3.7
Invocations    | 2 |  2.7
Dodging        | |  1.8

Action                   |  1- 3 |  4- 6 || total
-------------------------+-------+-------++-------
Melee: Hand axe          |    79 |    40 ||   119
       Headbutt          |    12 |    14 ||    26
Throw: Javelin           |       |     2 ||     2
Invok: Depart the Abyss  |     1 |       ||     1
  Use: Scroll            |     6 |     3 ||     9
       Potion            |       |     1 ||     1
 Stab: Sleeping          |     1 |       ||     1
  Eat: Chunk             |     3 |     3 ||     6
Armor: Leather armour    |    19 |       ||    19
       Scale mail        |       |    11 ||    11
Dodge: Dodged            |    58 |    23 ||    81
